AoeStats
← Tom_9

MegaRandom

507666103Analyzed
2v2 RM · 14d ago on Sep 19, 2026· 38m 57s· 4 players
Game mode
Random Map
Map size
Medium (4 player)
Population
200
Speed
Normal
Resources
Standard
Victory
Conquest
Starting age
Dark Age
Ending age
Imperial Age
RankedLock teamsTeams togetherTeam positionsShared explorationLock speedFull tech treeHidden civsTurbo modeCheats
Victory
Defeat
🇦🇷 Persians · Argentina
1242
+10
🇦🇹 Cumans · Austria
1156
+14
🇧🇪 Magyars · Belgium
1110
-12
🇧🇪 Sicilians · Belgium
1101
-12
elPreto
12:04 Feudal Age
12:54 Loom
15:47 Castle Age
13:38 Double-Bit Axe
13:49 Fishing Lines
17:24 Bow Saw
17:48 Town Watch
18:34 Horse Collar
19:15 Heavy Plow
20:34 Wheelbarrow
22:08 Stone Mining
22:48 Gold Mining
23:50 Stone Shaft Mining
24:41 Hand Cart
27:50 Masonry
30:42 Imperial Age
28:32 Scale Barding Armor
28:37 Forging
29:24 Gold Shaft Mining
29:58 Devotion
31:23 Chain Barding Armor
31:38 Iron Casting
31:16 Bloodlines
31:06 Husbandry
31:48 Conscription
30:49 Elite War Elephant
32:05 Hoardings
33:10 Two-Man Saw
32:39 Faith
33:51 Plate Barding Armor
35:30 Blast Furnace
34:22 Fletching
35:04 Architecture
35:35 Chemistry
36:48 Kamandaran
37:00 Citadels
36:55 Bodkin Arrow
37:23 Ballistics
36:59 Murder Holes
37:38 Fervor
GenuineWig3729
7:48 Loom
11:42 Feudal Age
14:33 Wheelbarrow
13:46 Double-Bit Axe
22:05 Castle Age
21:04 Scale Barding Armor
22:22 Forging
22:03 Fletching
22:28 Bloodlines
24:32 Gold Mining
24:33 Stone Mining
25:39 Bow Saw
33:50 Hand Cart
33:21 Town Watch
35:33 Capped Ram
Ced
2:01 Loom
12:21 Feudal Age
12:46 Horse Collar
12:53 Double-Bit Axe
19:58 Castle Age
17:58 Fletching
19:33 Forging
19:24 Scale Mail Armor
19:52 Gold Mining
21:09 Heavy Plow
23:24 Bodkin Arrow
25:50 Iron Casting
26:39 Chain Mail Armor
27:40 Town Watch
28:30 Wheelbarrow
28:27 Murder Holes
30:07 First Crusade
34:39 Imperial Age
32:22 Pikeman
33:55 Arson
34:11 Squires
35:02 Halberdier
Tom_9
4:19 Loom
13:29 Feudal Age
14:23 Double-Bit Axe
19:27 Castle Age
17:23 Gold Mining
17:24 Stone Mining
17:43 Fishing Lines
17:56 Horse Collar
21:25 Gillnets
21:45 Medium Warships
23:57 Corvinian Army
26:18 Fletching
28:44 Bodkin Arrow
Connection lost

Rejoining the realm…

Still unreachable

The connection could not be restored.

Session expired

The server has moved on; the page needs a fresh start.